Reakly vs danield

Match 19550614
End
Selects Armored Support Battlegroup
Kradschützen Motorcycle Team
Panzerpioneer Squad
250 Light Carrier
Construct Light Support Kompanie
Assault Grenadier Squad
Assault Grenadier Squad
Fire Support Elements
MG34 Team
Selects Superior Fire Drills
Panzerjäger Mechanized Group
Flakvierling Half-track
Panzerjäger Squad
2.5-tonne Medical Truck
Selects Flammpanzer III Medium Tank Sd.Kfz. 141
Flammpanzer III Medium Tank
Pak 38 Mechanized Group
Selects Command Panzer IV F Medium Tank
Command Panzer IV F Medium Tank
Pak 38 Anti-tank Gun Team
Flammpanzer III Medium Tank
Selects Vehicle Awareness
Selects Panzer Storm
Panzerjäger Mechanized Group
AI Takeover
PrematureBalanceTakeHaver
Reakly
0
0

Comments sign in to comment!

No comments posted yet!